 Dungeon Crawl Stone Soup version 0.24-a0-630-g0d56a851f4 (webtiles) character file.

Game seed: 13191443545646693329, levelgen mode: deterministic

134 Johnny the Digger (level 4, -2/33 HPs)
             Began as a Demigod Earth Elementalist on Sept 19, 2019.
             Slain by a river rat (4 damage)
             ... in a sewer.
             The game lasted 00:03:32 (2943 turns).

Johnny the Digger (Demigod Earth Elementalist)      Turns: 2943, Time: 00:03:32

Health: -2/33      AC:  2    Str: 11    XL:     4   Next: 64%
Magic:  6/11       EV: 12    Int: 21    God:
Gold:   87         SH:  0    Dex: 16    Spells: 7/8 levels left

rFire    . . .     SeeInvis .   h - +0 spear
rCold    . . .     Gourm    .   (no shield)
rNeg     . . .     Faith    .   c - +0 robe
rPois    .         Spirit   .   (no helmet)
rElec    .         Reflect  .   (no cloak)
rCorr    .         Harm     .   (no gloves)
MR       .....                  (no boots)
Stlth    +.........             (no amulet)
HPRegen  0.11/turn              m - ring of flight
MPRegen  0.12/turn              (no ring)

@: very slow
A: high mp 1
a: Evoke Flight


You were in a sewer.
You were not hungry.

You visited 1 branch of the dungeon, and saw 3 of its levels.
You also visited: Sewer.

You collected 87 gold pieces.

Inventory:

Hand Weapons
 h - a +0 spear (weapon)
Missiles
 b - 43 stones (quivered)
Armour
 c - a +0 robe (worn)
 o - a +0 helmet
Jewellery
 m - a ring of flight (left hand)
Scrolls
 a - 2 scrolls of remove curse
 g - a scroll of fog {unknown}
 i - a scroll of identify {unknown}
 j - a scroll of magic mapping {unknown}
Potions
 e - 2 potions of curing {unknown}
 f - a potion of agility {unknown}
 k - 3 potions of haste {unknown}
 l - a potion of resistance {unknown}
Comestibles
 d - 4 rations
 n - a chunk of flesh


   Skills:
 - Level 1.7 Dodging
 - Level 1.7 Stealth
 + Level 2.8 Spellcasting
   Level 0.8 Transmutations
 * Level 4.5 Earth Magic


You had 7 spell levels left.
You knew the following spells:

 Your Spells              Type           Power        Failure   Level  Hunger
a - Sandblast             Erth           ###...       1%          1    None

Your spell library contained the following spells:

 Spells                   Type           Power        Failure   Level  Hunger
 Passwall                 Tmut/Erth      ##......     7%          2    ##.....
 Stone Arrow              Conj/Erth      ##....       16%         3    ###....
 Petrify                  Tmut/Erth      ##......     41%         4    ####...
 Lee's Rapid Deconstruct  Erth           ###.......   50%         5    ######.


Dungeon Overview and Level Annotations

Branches:
Dungeon (3/15)              Sewer (1/1)

Annotations:
D:2 1 runed translucent door, Crazy Yiuf
D:3 1 runed translucent door, Qrupt's ghost, amateur KoEn


Innate Abilities, Weirdness & Mutations

You have an increased reservoir of magic. (+10% MP)


Message History

Aim: a river rat (water, lightly wounded)
The blast of sand hits the river rat!
The river rat is almost dead.
b - 44 stones The river rat barely misses you.
The river rat closely misses you. The rat bites you but does no damage.
Casting: Sandblast (safe; 2% risk of failure)
Confirm with . or Enter, or press ? or * to list all spells.
Aiming: Sandblast (safe; 2% risk of failure)
Press: ? - help, Shift-Dir - straight line, f/p - river rat
Aim: a river rat (water, almost dead)
The blast of sand hits the river rat!
You kill the river rat!
b - 43 stones The river rat bites you.
The river rat bites you! The rat bites you.
* * * LOW HITPOINT WARNING * * *
The river rat bites you.
* * * LOW HITPOINT WARNING * * *
The river rat bites you.
You die...

......#
#......
.....##
#..∩∩..
r.....
#......
##....##
##..≈≈#
#≈≈r≈r≈#
#≈≈≈≈≈≈
#≈≈≈r≈≈#
#≈≈≈≈≈≈
#≈≈≈r≈≈#
#≈≈≈≈≈≈
#≈rr≈≈≈#
#≈≈≈≈≈≈
#≈≈@≈≈≈#
#≈≈≈≈≈≈
#≈≈≈≈≈≈#
#≈≈≈≈≈≈
#≈≈≈≈≈≈#
#≈≈≈≈≈≈
#≈≈≈≈≈≈#
#≈≈≈≈.≈
#.≈≈≈≈≈#
#≈≈≈≈≈≈
#≈≈≈≈≈≈#
#≈.≈≈≈≈
#≈≈≈≈≈≈#
#≈≈†≈≈≈
#≈≈#≈≈≈#
#≈≈≈≈≈≈
#≈#≈≈≈≈#
#≈≈÷≈≈≈


You could see 2 river rats and 5 rats.

Vanquished Creatures
  Robin (D:3)
  3 river rats
  3 adders
  2 worms
  A leopard gecko (D:2)
  2 ball pythons
  6 bats
  3 giant cockroaches (D:2)
  13 goblins
  9 hobgoblins
  5 kobolds
  A quokka (D:2)
  2 frilled lizards (D:2)
  12 rats
63 creatures vanquished.

Notes
Turn   | Place    | Note
-------+----------+-------------------------------------------
     0 | D:1      | Johnny the Demigod Earth Elementalist began the quest for
                  | the Orb.
     0 | D:1      | Reached XP level 1. HP: 14/14 MP: 5/5
   539 | D:1      | Reached skill level 3 in Earth Magic
   952 | D:2      | Reached XP level 2. HP: 10/20 MP: 4/7
  1574 | D:2      | Reached XP level 3. HP: 26/26 MP: 9/9
  1653 | D:2      | Found a runed translucent door.
  1654 | D:2      | Noticed Crazy Yiuf
  2486 | D:3      | Found a runed translucent door.
  2501 | D:3      | Reached skill level 4 in Earth Magic
  2529 | D:3      | Noticed Qrupt's ghost (amateur KoEn)
  2533 | D:3      | Reached XP level 4. HP: 24/33 MP: 0/10
  2572 | D:3      | Noticed Robin
  2582 | D:3      | Killed Robin
  2583 | D:3      | Found a glowing drain.
  2611 | Sewer    | Entered a sewer
  2943 | Sewer    | Slain by a river rat

Levels and vault maps discovered:
D:1:      dpeg_arrival_oval, layout_rooms, chequers_serial_rivers_micro_b,
          serial_park_tiny_2
D:2:      layout_basic, first_ration, kennysheep_generic_room_13,
          uniq_crazy_yiuf_cottage
D:3:      layout_loops_ring, nemelex_xobeh_ov_fountains_minmay,
          portal_sewer_entry_a, ebering_ghost_sewer_f, chequers_big_river,
          minmay_increasing_density, uniq_robin
Sewer:    sewer_minmay_w

Skill      XL: |  1  2  3 |
---------------+----------+-----
Earth Magic    | 3 4 |  4.5
Spellcasting   | 2 |  2.8
Dodging        | |  1.7
Stealth        | |  1.7
Transmutations | |  0.8

Action                   |  1- 3 |  4- 6 || total
-------------------------+-------+-------++-------
Melee: Unarmed           |    17 |       ||    17
       Spear             |    93 |    25 ||   118
 Cast: Sandblast         |    24 |    23 ||    47
 Abil: Evoke Flight      |     1 |       ||     1
  Use: Scroll            |       |     1 ||     1
 Stab: Sleeping          |     8 |       ||     8
  Eat: Chunk             |     5 |     2 ||     7
Armor: Robe              |    19 |     3 ||    22
Dodge: Dodged            |    60 |    11 ||    71

Table legend:
 A = Non-vault XP
 B = Vault XP
 C = Vault XP percentage of total XP
 D = Non-vault monster count
 E = Vault monster count
 F = Vault count percentage of total count
                 A         B        C        D         E       F
            +---------+---------+-------+---------+---------+-------
      Total |      89 |     103 |  53.6 |      35 |      28 |  44.4
            +---------+---------+-------+---------+---------+-------
        D:1 |      14 |       0 |   0.0 |       8 |       0 |   0.0
        D:2 |      68 |       2 |   2.9 |      25 |       1 |   3.8
        D:3 |       7 |      53 |  88.3 |       2 |      17 |  89.5
      Sewer |       0 |      48 | 100.0 |       0 |      10 | 100.0
            +---------+---------+-------+---------+---------+-------
